 Dungeon Crawl Stone Soup version 0.27-a0-3-gcf006a40f5 (webtiles) character file.

Game seed: 4228345884033424453

25 sanka the Skirmisher (level 3, -15/40 HPs)
             Began as an Ogre Berserker on Jan 1, 2021.
             Was a Believer of Trog.
             Demolished by an ogre
             ... wielding a +0 giant club
              (25 damage)
             ... on level 2 of the Dungeon.
             The game lasted 00:01:47 (1757 turns).

sanka the Skirmisher (Ogre Berserker)               Turns: 1757, Time: 00:01:48

Health: -15/40     AC:  4    Str: 21    XL:     3   Next: 6%
Magic:  3/3        EV: 11    Int:  8    God:    Trog [**....]
Gold:   62         SH:  0    Dex: 15    Spells: 2/2 levels left

rFire    . . .     SeeInvis .   a - +0 mace
rCold    . . .     Faith    .   (no shield)
rNeg     . . .     Spirit   .   b - +0 animal skin
rPois    .         Reflect  .   (helmet restricted)
rElec    .         Harm     .   o - +0 cloak
rCorr    .         Rampage  .   (gloves unavailable)
Will     .....                  (boots unavailable)
Stlth    +.........             (no amulet)
HPRegen  0.13/turn              (no ring)
MPRegen  0.08/turn              n - +6 ring of dexterity

@: no status effects
A: large, unfitting armour, tough skin 1
a: Renounce Religion, Berserk, Trog's Hand


You were on level 2 of the Dungeon.
You worshipped Trog.
Trog was pleased with you.
You visited 1 branch of the dungeon, and saw 2 of its levels.

You collected 62 gold pieces.


Innate Abilities, Weirdness & Mutations

You are too large for most types of armour.
You have tough skin. (AC +1)


   Skills:
 + Level 4.5 Fighting
 * Level 3.4 Maces & Flails
 - Level 2.6 Dodging


You had 2 spell levels left.
You didn't know any spells.
Your spell library was empty.

Inventory:

Hand Weapons
 a - a +0 mace (weapon)
Armour
 b - a +0 animal skin (worn)
 o - a +0 cloak (worn)
Jewellery
 n - a +6 ring of dexterity (right hand)
Scrolls
 c - 2 scrolls of fog {unknown}
 d - a scroll of random uselessness {unknown}
 e - 2 scrolls of identify {unknown}
 l - a scroll of remove curse {unknown}
 p - a scroll of amnesia {unknown}
Potions
 f - a potion of berserk rage {unknown}
 g - a potion of lignification {unknown}
 h - a potion of ambrosia {unknown}
 i - a potion of flight {unknown}
 j - a potion of mutation {unknown}
 k - a potion of degeneration {unknown}
 m - a potion of curing {unknown}

Dungeon Overview and Level Annotations

Branches:
Dungeon (2/15)

Altars:
Vehumet

.▒ ▒.▒ ▒▒▒.▒ ▒.▒
..... ... ▒▒▒.▒
▒▒▒▒▒▒▒▒ ▒.▒ .......▒
▒.▒ ▒....▒▒▒.▒▒▒▒ ▒.
▒....'......▒ ▒.▒
▒....▒▒▒O...▒ ▒▒▒.▒
▒....▒ ▒O...▒ ....▒
▒....▒ ▒....▒
▒▒..▒▒▒▒▒....▒ ▒....▒
..<....▒▒.▒'▒▒ ▒....▒
.▒▒.▒▒.▒▒.▒.▒ ▒....▒
..........▒.▒▒▒▒▒▒▒▒▒
.▒▒.▒▒............▒
..▒.▒▒▒▒▒▒▒▒......▒


You could see an ogre.


Message History

Trog accepts your kill.
No target in view!
No target in view!
You see here a club.
There is an open door here.
You open the door.
Found 17 gold pieces.
There is an open door here.
You now have 62 gold pieces (gained 17).
You open the door.
There is an open door here.
An ogre comes into view. It is wielding a +0 giant club.
The ogre shouts!
An ogre is nearby!
An ogre is nearby!
You hit the ogre.
The ogre is lightly wounded.
The ogre hits you with a +0 giant club!!
You hit the ogre.
The ogre is moderately wounded.
The ogre hits you with a +0 giant club!
* * * LOW HITPOINT WARNING * * *
You hit the ogre.
The ogre is heavily wounded.
The ogre completely misses you.
You sock the ogre!
The ogre is almost dead.
The ogre hits you with a +0 giant club!!
Ouch! That really hurt!
You die...

Action                   || total
-------------------------++-------
Melee: Mace              ||    82
Armor: Animal skin       ||    26
Dodge: Dodged            ||    48

Levels and vault maps discovered:
D:1:      dpeg_arrival_pits, layout_loops_corners, serial_rivers,
          chequers_serial_rivers_micro_b, chequers_serial_rivers_micro_d,
          chequers_serial_rivers_small_3, chequers_serial_rivers_micro_a,
          chequers_serial_rivers_large_a
D:2:      layout_basic, lemuel_doored_altar, amethyst_overflow_temple_binary,
          serial_glass, glass_columns_a, glass_columns_a

Notes
Turn   | Place    | Note
-------+----------+-------------------------------------------
     0 | D:1      | sanka the Ogre Berserker began the quest for the Orb.
     0 | D:1      | Reached XP level 1. HP: 24/24 MP: 1/1
   459 | D:1      | Reached skill level 3 in Maces & Flails
   471 | D:1      | Reached XP level 2. HP: 12/32 MP: 2/2
  1356 | D:2      | Found a radiant altar of Vehumet.
  1554 | D:2      | Reached XP level 3. HP: 38/40 MP: 3/3
  1625 | D:2      | Reached ** piety under Trog
  1752 | D:2      | Noticed an ogre
  1757 | D:2      | Demolished by an ogre

Vanquished Creatures
  3 giant cockroaches
  3 goblins
  5 hobgoblins
  4 bats
  A frilled lizard (D:1)
  2 kobolds (D:1)
  7 rats
25 creatures vanquished.
